 Dungeon Crawl Stone Soup version 0.26.1-11-gd32895ea62 (webtiles) character file.

Game seed: 16795494905647907186

680 Ankh the Protected (level 7, -9/60 HPs)
             Began as a Gnoll Wanderer on Apr 25, 2021.
             Mangled by an orc wizard
             ... wielding a +1 dagger of electrocution
              (15 damage)
             ... on level 5 of the Dungeon.
             The game lasted 00:46:48 (4636 turns).

Ankh the Protected (Gnoll Wanderer)                 Turns: 4636, Time: 00:46:49

Health: -9/60      AC: 15    Str: 18    XL:     7   Next: 60%
Magic:  10/10      EV: 11    Int: 13    God:
Gold:   223        SH:  0    Dex: 20    Spells: 11/11 levels left

rFire    x . .     SeeInvis .   a - +0 shortbow
rCold    + . .     Faith    .   (shield currently unavailable)
rNeg     . . .     Spirit   .   b - +4 scale mail
rPois    .         Reflect  .   (no helmet)
rElec    .         Harm     .   (no cloak)
rCorr    .         Rampage  .   u - +2 pair of gloves
Will     .....                  (no boots)
Stlth    +.........             (no amulet)
HPRegen  0.20/turn              m - +6 ring of dexterity
MPRegen  0.12/turn              s - ring of ice

@: no status effects
A: distributed training, fangs 1, strong nose
a: no special abilities


You were on level 5 of the Dungeon.
You visited 1 branch of the dungeon, and saw 5 of its levels.

You collected 223 gold pieces.

Inventory:

Hand Weapons
 a - a +0 shortbow (weapon)
 i - a +0 club
 p - a +0 hand axe
Missiles
 c - 59 arrows (quivered ammo)
Armour
 b - a +4 scale mail (worn)
 u - a +2 pair of gloves (worn)
Jewellery
 m - a +6 ring of dexterity (left hand)
 s - a ring of ice (right hand)
Wands
 v - a wand of polymorph (5)
Scrolls
 e - 3 scrolls of remove curse
 f - 3 scrolls of teleportation
 k - 2 scrolls of blinking
 n - a scroll of enchant weapon {unknown}
 y - 2 scrolls of amnesia {unknown}
Potions
 h - a potion of lignification
 j - a potion of heal wounds
 l - a potion of might {unknown}
 o - a potion of resistance {unknown}
 q - 2 potions of brilliance {unknown}
 r - 3 potions of flight
 t - 2 potions of attraction {unknown}
 w - a potion of cancellation {unknown}


   Skills:
 + Level 7.1 Fighting
 + Level 2.6 Short Blades
 + Level 2.6 Long Blades
 + Level 2.6 Axes
 + Level 2.6 Maces & Flails
 + Level 2.6 Polearms
 + Level 2.6 Staves
 + Level 2.6 Slings
 + Level 3.7 Bows
 + Level 2.6 Crossbows
 + Level 2.6 Throwing
 + Level 8.9 Armour
 + Level 2.6 Dodging
 + Level 2.6 Stealth
 + Level 2.6 Shields
 + Level 2.6 Unarmed Combat
 + Level 2.6 Spellcasting
 + Level 2.1 Conjurations
 + Level 2.1 Hexes
 + Level 2.1 Summonings
 + Level 2.1 Necromancy
 + Level 2.1 Translocations
 + Level 2.1 Transmutations
 + Level 2.1 Fire Magic
 + Level 2.1 Ice Magic
 + Level 2.1 Air Magic
 + Level 2.1 Earth Magic
 + Level 2.1 Poison Magic
 + Level 2.9 Invocations
 + Level 5.3 Evocations


You had 11 spell levels left.
You didn't know any spells.
Your spell library was empty.

Dungeon Overview and Level Annotations

Branches:
Dungeon (5/15)
 Temple: D:4-7

Altars:
Uskayaw

Shops:
D:4 [


Innate Abilities, Weirdness & Mutations

Your experience applies equally to all skills.
You have very sharp teeth.
Your uncanny sense of smell can sniff out nearby items.


Message History

Fire: 60 arrows
Press: ? - help, Q - select action, (/) - cycle Shift-Dir - straight line, f - orc
Aim: an orc, wielding a +0 morningstar (66% to hit)
You shoot an arrow. The arrow barely misses the orc.
The orc misses you. Something hits you but does no damage.
You are electrocuted!
* * * LOW HITPOINT WARNING * * *
You feel better. Something hits you but does no damage.
You are electrocuted!
* * * LOW HITPOINT WARNING * * *
The orc hits you but does no damage.
You feel much better. Something hits you but does no damage.
The orc hits you with a +0 morningstar!
* * * LOW HITPOINT WARNING * * *
Something hits you.
* * * LOW HITPOINT WARNING * * *
There is a stone staircase leading down here.
Something hits you.
* * * LOW HITPOINT WARNING * * *
You are electrocuted!
You die...

.. #.(.# #.#.( #. #...#
....(
###.#######(..######.....#
#>...#..........(((#.....#
...............#..(((..(#
...#.#.#.#.....†...)#..(..#
......<....#...#o#######...
...#.#.#.#.#<..#.# ##
#.........#...#@#
#.#.#.#.#.#...#.#
#....)....#...#.#
..#.#.#.#.......#
##...#######.##### ###
..... .........
$.###.[.##)# . #.... ..


You could see an orc.

Vanquished Creatures
  A sky beast (D:3)
  An ogre (D:4)
  A howler monkey (D:4)
  2 hounds
  An orc priest (D:4)
  An orc wizard (D:4)
  Natasha (twice) (D:3)
  An iguana (D:4)
  A worker ant (D:4)
  14 adders
  2 gnolls (D:4)
  An ooze (D:3)
  3 dart slugs
  2 leopard geckos (D:4)
  13 orcs
  5 bats
  3 giant cockroaches
  3 goblins
  4 hobgoblins
  9 jackals
  9 kobolds
  A quokka (D:4)
  5 frilled lizards
  A quokka skeleton (D:5)
  4 rats
90 creatures vanquished.

Notes
Turn   | Place    | Note
-------+----------+-------------------------------------------
     0 | D:1      | Ankh the Gnoll Wanderer began the quest for the Orb.
     0 | D:1      | Ankh set off with the following items: a +0 shortbow, a +2
                  | scale mail, 25 arrows, a potion of curing
     0 | D:1      | Reached XP level 1. HP: 23/23 MP: 1/1
   241 | D:1      | Reached XP level 2. HP: 27/29 MP: 2/2
   482 | D:1      | Reached XP level 3. HP: 35/35 MP: 3/3
  1181 | D:2      | Reached skill level 1 in Invocations
  1847 | D:2      | Found a hide-covered altar of Uskayaw.
  1969 | D:2      | Reached skill level 1 in Short Blades
  1969 | D:2      | Reached skill level 1 in Long Blades
  1969 | D:2      | Reached skill level 1 in Axes
  1969 | D:2      | Reached skill level 1 in Maces & Flails
  1969 | D:2      | Reached skill level 1 in Polearms
  1969 | D:2      | Reached skill level 1 in Staves
  1969 | D:2      | Reached skill level 1 in Slings
  1969 | D:2      | Reached skill level 1 in Crossbows
  1969 | D:2      | Reached skill level 1 in Throwing
  1969 | D:2      | Reached skill level 1 in Dodging
  1969 | D:2      | Reached skill level 1 in Stealth
  1969 | D:2      | Reached skill level 1 in Shields
  1969 | D:2      | Reached skill level 1 in Unarmed Combat
  1969 | D:2      | Reached skill level 1 in Spellcasting
  2112 | D:3      | Reached XP level 4. HP: 37/41 MP: 5/5
  2360 | D:3      | Reached skill level 1 in Conjurations
  2360 | D:3      | Reached skill level 1 in Hexes
  2360 | D:3      | Reached skill level 1 in Summonings
  2360 | D:3      | Reached skill level 1 in Necromancy
  2360 | D:3      | Reached skill level 1 in Translocations
  2360 | D:3      | Reached skill level 1 in Transmutations
  2360 | D:3      | Reached skill level 1 in Fire Magic
  2360 | D:3      | Reached skill level 1 in Ice Magic
  2360 | D:3      | Reached skill level 1 in Air Magic
  2360 | D:3      | Reached skill level 1 in Earth Magic
  2360 | D:3      | Reached skill level 1 in Poison Magic
  2449 | D:3      | Noticed Natasha
  2464 | D:3      | Killed Natasha
  2465 | D:3      | Reached XP level 5. HP: 32/47 MP: 5/7
  2758 | D:3      | Noticed a sky beast
  2811 | D:3      | Noticed Natasha
  2817 | D:3      | Killed a sky beast
  2818 | D:3      | Reached XP level 6. HP: 25/53 MP: 8/8
  2873 | D:3      | Killed Natasha
  2874 | D:3      | Reached skill level 5 in Evocations
  3339 | D:4      | Found Tiuwkuqa's Antique Armour Shoppe.
  3428 | D:4      | Reached XP level 7. HP: 47/59 MP: 10/10
  3787 | D:4      | Got a sapphire-encrusted leather armour
  4540 | D:5      | Entered Level 5 of the Dungeon
  4630 | D:5      | HP: 3/60 [something (13)]
  4631 | D:5      | HP: 1/60 [something (8)]
  4636 | D:5      | Mangled by an orc wizard

Illustrated notes

Levels and vault maps discovered:
D:1:      nicolae_arrival_washed_ashore, layout_loops_cross
D:2:      layout_loops_corners, eat_drink_and_be_merry_uskayaw,
          supply_closet_lemuel, roderic_roman_lattice
D:3:      layout_loops_cross, minmay_pentomino_pile, uniq_natasha
D:4:      layout_loops_ring, gup_sewer_entry_bowl, serial_shops,
          nicolae_shop_waterfront, minmay_misc_feat_five, minmay_bisected
D:5:      layout_loops_cross, grunt_temple_overflow_growth_and_decay,
          cheibrodos_ashenzari_chains, minitemple,
          minmay_temple_entry_antechambers, st_stairs_8

Skill      XL: |  1  2  3  4  5  6  7 |
---------------+----------------------+-----
Invocations    | 1 2 |  2.9
Short Blades   | 1 2 |  2.6
Long Blades    | 1 2 |  2.6
Axes           | 1 2 |  2.6
Maces & Flails | 1 2 |  2.6
Polearms       | 1 2 |  2.6
Staves         | 1 2 |  2.6
Slings         | 1 2 |  2.6
Crossbows      | 1 2 |  2.6
Throwing       | 1 2 |  2.6
Dodging        | 1 2 |  2.6
Stealth        | 1 2 |  2.6
Shields        | 1 2 |  2.6
Unarmed Combat | 1 2 |  2.6
Spellcasting   | 1 2 |  2.6
Conjurations   | 1 2 |  2.1
Hexes          | 1 2 |  2.1
Summonings     | 1 2 |  2.1
Necromancy     | 1 2 |  2.1
Translocations | 1 2 |  2.1
Transmutations | 1 2 |  2.1
Fire Magic     | 1 2 |  2.1
Ice Magic      | 1 2 |  2.1
Air Magic      | 1 2 |  2.1
Earth Magic    | 1 2 |  2.1
Poison Magic   | 1 2 |  2.1
Bows           | 3 |  3.7
Evocations     | 5 |  5.3
Fighting       | 7 |  7.1
Armour         | |  8.9

Action                   |  1- 3 |  4- 6 |  7- 9 || total
-------------------------+-------+-------+-------++-------
Melee: Hand axe          |    20 |       |       ||    20
       Bite              |     2 |       |       ||     2
       Shortbow          |       |     1 |     1 ||     2
 Fire: Shortbow          |    86 |   163 |   103 ||   352
  Use: Potion            |     1 |     2 |     3 ||     6
       Scroll            |     1 |       |     8 ||     9
Armor: Scale mail        |    46 |    74 |    40 ||   160
Dodge: Dodged            |    47 |    73 |    42 ||   162
